 Dungeon Crawl Stone Soup version 0.22.0-21-g8bd1b0a76a (webtiles) character file.

4 Acheron the Skirmisher (level 1, -2/20 HPs)
             Began as a Hill Orc Abyssal Knight on Aug 20, 2018.
             Was an Initiate of Lugonu.
             Slain by a jackal (3 damage)
             ... on level 1 of the Dungeon.
             The game lasted 00:01:09 (111 turns).

Acheron the Skirmisher (Hill Orc Abyssal Knight)     Turns: 111, Time: 00:01:10

Health: -2/20      AC:  3    Str: 14    XL:     1   Next: 60%
Magic:  2/2        EV: 11    Int: 12    God:    Lugonu [......]
Gold:   22         SH:  0    Dex: 10    Spells: 0/0 levels left

rFire    . . .     SeeInvis .   a - +1 hand axe
rCold    . . .     Gourm    .   (no shield)
rNeg     . . .     Faith    .   b - +0 leather armour
rPois    .         Spirit   .   (no helmet)
rElec    .         Reflect  .   (no cloak)
rCorr    .         Harm     .   (no gloves)
MR       .....                  (no boots)
Stlth    +.........             (no amulet)
HPRegen  0.06/turn              (no ring)
MPRegen  0.08/turn              (no ring)

@: no status effects
A: no striking features
a: Renounce Religion


You were on level 1 of the Dungeon.
You worshipped Lugonu.
Lugonu was noncommittal.
You were not hungry.

You visited 1 branch of the dungeon, and saw 2 of its levels.
You visited the Abyss 1 time.

You collected 22 gold pieces.

Inventory:

Hand Weapons
 a - a +1 hand axe (weapon)
Armour
 b - a +0 leather armour (worn)
Wands
 d - a wand of iceblast (7)
   (You found it on level 1 of the Abyss)
Potions
 c - a potion of might {unknown}
Comestibles
 e - a ration {!d}
 f - 2 chunks of flesh


   Skills:
 + Level 3.6 Fighting
 + Level 2.7 Axes
 + Level 2.2 Armour
 + Level 0.8 Dodging
 * Level 0.3 Stealth
 + Level 2.4 Invocations


You couldn't memorise any spells.
You didn't know any spells.
Your spell library was empty.

Dungeon Overview and Level Annotations

Branches:
Dungeon (2/15)

Altars:


Message History

You closely miss the jackal. You barely miss the jackal.
The jackal barely misses you. x2
You closely miss the jackal.
The jackal bites you but does no damage.
You hit the jackal. The jackal bites you. The jackal misses you.
You closely miss the jackal. The jackal completely misses you.
You hit the jackal. The jackal bites you. x2
You barely miss the jackal. The jackal barely misses you. x2
You closely miss the jackal. The jackal closely misses you.
You hit the jackal but do no damage. The jackal bites you.
The jackal misses you.
You slash the jackal!
You kill the jackal!
Lugonu accepts your kill.
You hit the jackal.
You kill the jackal!
Lugonu accepts your kill.
The jackal bites you but does no damage.
You miss the jackal.
The jackal bites you but does no damage.
You hit the jackal but do no damage. The jackal barely misses you. x2
You barely miss the jackal. The jackal closely misses you.
The jackal bites you.
* * * LOW HITPOINT WARNING * * *
You barely miss the jackal. The jackal barely misses you.
You closely miss the jackal. The jackal bites you.
* * * LOW HITPOINT WARNING * * *
The jackal misses you.
You hit the jackal but do no damage. The jackal closely misses you.
You closely miss the jackal.
The jackal bites you but does no damage.
The jackal closely misses you.
You barely miss the jackal. The jackal bites you.
* * * LOW HITPOINT WARNING * * *
You barely miss the jackal. The jackal completely misses you.
The jackal closely misses you.
You hit the jackal but do no damage. The jackal misses you.
The jackal bites you.
* * * LOW HITPOINT WARNING * * *
You hit the jackal. The jackal barely misses you.
You hit the jackal. The jackal closely misses you.
The jackal bites you but does no damage.
Your leather armour prevents you from hitting the jackal.
The jackal closely misses you. x2
You closely miss the jackal.
The jackal bites you but does no damage.
You closely miss the jackal. The jackal bites you.
* * * LOW HITPOINT WARNING * * *
The jackal bites you.
You die... ############### .......@h.....# #############.#

You could see a jackal.

Vanquished Creatures
  2 jackals (D:1)
  A frilled lizard (D:1)
  A rat (D:1)
4 creatures vanquished.

Notes
Turn   | Place    | Note
-------+----------+-------------------------------------------
     0 | Abyss:1  | Acheron the Hill Orc Abyssal Knight began the quest for the Orb.
     0 | Abyss:1  | Reached XP level 1. HP: 19/19 MP: 2/2
    21 | Abyss:1  | Found a corrupted altar of Lugonu.
    29 | Abyss:1  | Noticed an apocalypse crab
    30 | D:1      | Escaped the Abyss
   111 | D:1      | HP: 1/20 [jackal (2)]
   111 | D:1      | Slain by a jackal

Action                   || total
-------------------------++-------
Melee: Hand axe          ||    30
Invok: Depart the Abyss  ||     1
Armor: Leather armour    ||     7
Dodge: Dodged            ||    25
